Map: Bel'Shir Vestige LE (Void)

Players

Railgan

  • Race: Zerg Zerg
  • League: Master
  • Spawn Location: 5:00

Senin - Winner!

  • Race: Zerg Zerg
  • League: Master
  • Spawn Location: 11:00

VOD

Have the link to the VOD?

Description

Time

  • Played on: March 1, 2017, 4:32 p.m.
  • Length: 14:24
Show
View Real Time Build Order
Export as new Build Order

Railgan Zerg 

Build Orders: Hatch First 

Get SALT Encoding   

  12  0:03  Drone  
  13  0:12  Overlord  
  13  0:17  Drone  
  14  0:31  Drone x2  
  14  0:35  Drone  
  17  0:46  Drone  
  18  0:56  Hatchery  
  17  0:58  Drone  
  17  1:01  Extractor  
  17  1:12  Spawning Pool  
  17  1:16  Drone  
  17  1:18  Drone  
  18  1:29  Drone  
  19  1:40  Overlord  
  19  1:56  Drone  
  19  1:59  Queen  
  22  2:01  Spine Crawler  
  22  2:03  Spine Crawler  
  22  2:06  Baneling Nest, Zergling x2  
  22  2:08  Zergling x2  
  21  2:12  Zergling x2  
  22  2:28  Zergling x2  
  25  2:36  Overlord  
  25  2:37  Queen  
  25  2:40  Zergling x2  
  27  2:55  Drone  
  27  2:57  Drone  
  24  3:06  Drone, Metabolic Boost  
  24  3:10  Drone  
  24  3:11  Drone x2  
  28  3:31  Hatchery  
  27  3:35  Extractor  
  27  3:38  Drone  
  27  3:44  Lair  
  27  3:47  Drone  
  27  3:55  Drone  
  27  3:56  Drone  
  27  3:58  Drone  
  30  4:03  Overlord  
  30  4:09  Drone  
  31  4:13  Drone  
  32  4:24  Drone  
  32  4:27  Drone  
  32  4:28  Drone  
  32  4:30  Overlord  
  35  4:43  Spire, Drone  
  35  4:47  Drone x2  
  36  4:54  Queen  
  38  5:00  Drone x2  
  38  5:02  Drone  
  38  5:04  Drone  
  38  5:07  Drone  
  43  5:08  Drone  
  43  5:10  Overseer  
  43  5:13  Drone  
  45  5:18  Overlord  
  45  5:19  Extractor x2  
  43  5:25  Zergling x2  
  43  5:26  Zergling x2  
  43  5:27  Drone x2  
  43  5:28  Drone  
  48  5:36  Overlord  
  48  5:47  Drone  
  48  5:49  Drone  
  50  5:50  Drone  
  51  6:00  Mutalisk x4  
  59  6:05  Mutalisk  
  61  6:16  Drone  
  61  6:18  Overlord  
  62  6:19  Mutalisk, Hatchery  
  62  6:20  Mutalisk  
  64  6:28  Overlord  
  64  6:31  Mutalisk  
  66  6:33  Zergling x8  
  70  6:41  Baneling  
  70  6:42  Baneling x3  
  70  6:43  Roach Warren  
  70  6:44  Drone, Evolution Chamber  
  69  6:50  Evolution Chamber  
  69  6:51  Drone  
  69  6:52  Drone  
  69  6:53  Zergling x2  
  71  6:55  Baneling x2, Drone  
  72  7:05  Overlord  
  72  7:07  Drone x2  
  74  7:16  Baneling x2, Drone  
  74  7:17  Drone  
  74  7:18  Zerg Missile Weapons Level 1, Zerg Ground Armor Level 1  
  76  7:24  Roach x3  
  76  7:26  Roach  
  76  7:29  Roach  
  86  7:37  Overlord  
  86  7:39  Glial Reconstitution  
  86  7:42  Roach x2  
  89  7:54  Roach  
  89  7:58  Overlord x2  
  91  8:01  Overlord  
  91  8:04  Roach  
  93  8:07  Roach  
  93  8:08  Roach  
  93  8:09  Hatchery  
  93  8:12  Roach  
  98  8:15  Roach  
  98  8:16  Roach  
  102  8:21  Roach  
  102  8:26  Roach  
  102  8:27  Roach x2  
  110  8:31  Roach  
  110  8:32  Roach  
  112  8:36  Roach x2  
  114  8:45  Roach  
  114  8:46  Roach  
  118  8:49  Overlord  
  118  8:50  Roach  
  120  8:57  Roach  
  122  9:07  Overlord, Roach x4  
  130  9:20  Overlord  
  130  9:22  Baneling x4  
  130  9:29  Hydralisk Den  
  105  10:01  Hydralisk  
  105  10:02  Hydralisk x14  
  117  10:09  Hydralisk x2  
  117  10:11  Drone  
  117  10:13  Spore Crawler  
  107  10:18  Roach x2  
  103  10:27  Spore Crawler  
  102  10:29  Spore Crawler  
  102  10:30  Roach x2, Spore Crawler  
  104  10:36  Queen  
  104  10:41  Roach  
  104  10:42  Roach x2  
  112  10:54  Drone x4  
  112  10:56  Extractor  
  109  10:57  Extractor  
  109  11:00  Zerg Missile Weapons Level 2, Roach x2  
  108  11:06  Zerg Ground Armor Level 2  
  108  11:10  Hydralisk  
  110  11:12  Roach  
  108  11:25  Roach  
  105  11:27  Muscular Augments  
  105  11:28  Drone  
  105  11:29  Drone  
  107  11:34  Spore Crawler  
  106  11:40  Hydralisk x2  
  106  11:46  Overlord  
  110  11:47  Drone x3  
  110  11:48  Drone x3  
  116  11:54  Hydralisk x3  
  119  12:03  Hydralisk  
  121  12:10  Roach x5  
  121  12:15  Roach x2  
  131  12:22  Roach  
  125  12:23  Roach x2  
  125  12:24  Roach, Zergling x2  
  125  12:27  Roach  
  132  12:36  Roach  
  132  12:37  Roach x2  
  137  13:00  Overlord x2  
  137  13:07  Overlord  
  135  13:22  Roach  
  135  13:23  Roach  
  135  13:25  Overlord x2  
  138  13:27  Ravager  
  136  13:48  Roach x9  
  114  13:56  Hatchery  
  114  14:00  Hydralisk  
Show
View Real Time Build Order
Export as new Build Order

Senin Zerg - Winner!

Build Orders: Pool First 

Get SALT Encoding   

  12  0:18  Spawning Pool  
  11  0:22  Drone  
  11  0:26  Drone  
  13  0:35  Overlord  
  13  1:04  Queen  
  13  1:05  Zergling x6  
  18  1:16  Zergling x2  
  19  1:27  Zergling x2  
  20  1:38  Hatchery, Zergling x2  
  20  1:48  Zergling x2  
  21  1:55  Extractor, Queen  
  23  2:02  Overlord  
  23  2:20  Drone x4  
  27  2:37  Drone  
  27  2:38  Spine Crawler  
  27  2:48  Drone x4  
  24  3:03  Spine Crawler  
  24  3:04  Queen  
  25  3:20  Queen  
  25  3:26  Spine Crawler, Drone x2  
  28  3:31  Drone  
  28  3:32  Drone  
  30  3:35  Drone  
  30  3:38  Drone  
  32  3:46  Drone x2  
  32  3:47  Drone  
  35  3:56  Overlord  
  35  3:58  Overlord  
  35  4:06  Drone  
  36  4:12  Extractor  
  36  4:13  Extractor  
  36  4:16  Drone  
  35  4:17  Drone x6  
  41  4:26  Drone  
  42  4:31  Drone x2  
  42  4:32  Drone x2  
  42  4:38  Overlord  
  46  4:42  Extractor, Drone  
  46  4:45  Extractor  
  45  4:46  Drone x3  
  45  4:51  Drone  
  49  4:55  Drone  
  49  4:58  Lair  
  50  5:01  Drone  
  50  5:02  Drone x3  
  54  5:11  Drone  
  55  5:14  Overlord  
  55  5:20  Evolution Chamber x2  
  53  5:26  Metabolic Boost  
  53  5:29  Drone  
  53  5:30  Zergling x8  
  58  5:47  Zerg Ground Armor Level 1, Zerg Melee Weapons Level 1  
  58  5:52  Hatchery  
  57  5:57  Spire  
  57  5:58  Zergling x12  
  57  5:59  Zergling x2  
  63  6:10  Overlord x3  
  63  6:11  Overlord  
  63  6:45  Queen x2  
  63  6:46  Spore Crawler  
  66  6:48  Spore Crawler  
  66  6:49  Spore Crawler x2  
  66  6:50  Spore Crawler  
  66  6:51  Spore Crawler  
  66  6:53  Spore Crawler  
  60  6:54  Drone x4, Spore Crawler  
  60  6:55  Drone x2, Spore Crawler  
  64  7:05  Unknown  
  64  7:12  Drone x2  
  64  7:13  Drone  
  64  7:25  Drone  
  64  7:26  Drone x9  
  72  7:38  Zerg Flyer Armor Level 1  
  69  7:49  Spore Crawler  
  69  7:50  Drone x2, Spore Crawler  
  67  7:51  Drone x3  
  67  7:52  Drone  
  67  7:54  Zerg Ground Armor Level 2  
  67  7:55  Zerg Melee Weapons Level 2  
  71  8:04  Overlord  
  71  8:05  Overlord  
  71  8:15  Overlord x2  
  71  8:16  Overlord  
  71  8:18  Overlord  
  71  8:19  Overlord  
  71  8:25  Mutalisk x4  
  79  8:35  Mutalisk  
  79  8:36  Mutalisk x3  
  84  8:44  Mutalisk x3  
  89  8:51  Infestation Pit  
  89  8:53  Mutalisk x2  
  92  9:01  Mutalisk  
  94  9:04  Drone x3  
  94  9:05  Drone x4  
  94  9:07  Drone  
  94  9:09  Extractor  
  101  9:11  Extractor  
  100  9:20  Overlord x4  
  100  9:29  Drone  
  100  9:30  Hive  
  101  9:35  Zergling x2  
  101  9:36  Zergling x12  
  101  9:37  Zergling x2  
  74  10:01  Mutalisk x4  
  74  10:02  Mutalisk  
  74  10:05  Drone x4  
  81  10:08  Drone  
  81  10:09  Drone  
  80  10:14  Drone x2  
  80  10:15  Drone  
  83  10:26  Drone  
  83  10:27  Drone  
  85  10:36  Hatchery  
  85  10:39  Spore Crawler  
  81  10:47  Zergling x10  
  81  10:48  Zergling x2  
  87  10:55  Drone  
  87  10:56  Drone x3  
  91  10:58  Drone  
  92  11:06  Adrenal Glands  
  92  11:18  Zergling x12  
  95  11:23  Zergling x4  
  95  11:24  Zergling x2  
  101  11:32  Ultralisk Cavern  
  100  11:46  Drone x6  
  100  11:47  Drone  
  104  12:12  Drone x3  
  104  12:13  Drone x3  
  104  12:14  Drone  
  108  12:18  Chitinous Plating  
  108  12:19  Ultralisk  
  111  12:24  Ultralisk  
  117  12:31  Ultralisk  
  123  12:38  Ultralisk  
  129  12:46  Ultralisk  
  135  13:00  Hatchery  
  134  13:07  Ultralisk  
  134  13:10  Zergling x2  
  134  13:11  Zergling x6  
  144  13:13  Zergling x2  
  144  13:14  Zergling x2  
  146  13:20  Zergling x6  
  144  13:27  Overlord x2  
  144  13:36  Ultralisk  
  140  13:50  Zergling x4  
  136  13:58  Mutalisk x2  
Tags
 
Add a new tag
Caveats
  • Supply blocks, unpowered buildings, or Contaminate may cause inaccurate times.
  • Supply counts are checked every 10 seconds.